 Dungeon Crawl Stone Soup version 0.31-a0-981-geadf994542 (webtiles) character file.

Game seed: 6978819255548208913

14897 croobank the Nimble (level 11, -5/52 HPs)
             Began as a Felid Fighter on Oct 30, 2023.
             Was an Elder of Fedhas.
             Slain by a cane toad (17 damage)
             ... on level 2 of the Lair of Beasts on Nov 1, 2023.
             The game lasted 01:58:13 (13205 turns).

croobank the Nimble (Felid Fighter)                Turns: 13205, Time: 01:58:13

Health: -5/52      AC:  2    Str: 18    XL:     11   Next: 94%
Magic:  0/20       EV: 23    Int: 11    God:    Fedhas [****..]
Gold:   565        SH:  0    Dex: 15    Spells: 12/21 levels left
                                        Lives:  0   Deaths: 4

rFire   + .          .
                       - Unarmed
rCold   . . .        (shield unavailable)
rNeg    + . .        (body armour unavailable)
rPois   .            (helmet unavailable)
rElec   .            (cloak unavailable)
rCorr   +            (gloves unavailable)
SInv    +            (boots unavailable)
Will    +....        j - amulet of the Moon {Spirit rF+ rN+ rCorr Slay+3}
Stlth   +            (no ring)
HPRegen 0.28/turn    (no ring)
MPRegen 0.17/turn

%: guardian spirit
@: lethally poisoned (-5 -> -13), quick
A: very small, claws 1, fangs 3, see invisible, speed 1, shaggy fur 2, stealthy
paws, no weapons or thrown items, no armour, multi-lived, mutation resistance 1,
strong 1
a: Renounce Religion, Wall of Briars, Grow Ballistomycete, Overgrow


You were on level 2 of the Lair of Beasts.
You worshipped Fedhas.
Fedhas was greatly pleased with you.
You visited 3 branches of the dungeon, and saw 13 of its levels.
You also visited: Sewer.

You collected 565 gold pieces.

Inventory:

Jewellery
 b - an amulet of reflection
 j - the amulet of the Moon (around neck) {Spirit rF+ rN+ rCorr Slay+3}
   (You found it on level 2 of the Dungeon)

   [amulet of guardian spirit]

   Spirit:    It causes incoming damage to be divided between your reserves of
   health and magic.
   Slay+3:    It affects your accuracy & damage with ranged weapons and melee
   (+3).
   rF+:       It protects you from fire.
   rN+:       It protects you from negative energy.
   rCorr:     It protects you from acid and corrosion.
Wands
 q - a wand of paralysis (4)
Scrolls
 a - a scroll of vulnerability
 c - a scroll of silence
 e - 3 scrolls of noise
 g - 4 scrolls of identify
 h - 3 scrolls of poison
 k - a scroll of blinking
 p - 2 scrolls of teleportation
 s - a scroll of immolation
 u - a scroll of revelation
Potions
 d - 2 potions of lignification
 f - 3 potions of curing
 i - 2 potions of resistance
 l - a potion of cancellation
 n - 2 potions of haste
 o - a potion of brilliance
 t - 2 potions of attraction


   Skills:
 + Level 8.6 Fighting
 + Level 11.0 Dodging
 + Level 8.8 Unarmed Combat
 + Level 5.7 Spellcasting
 * Level 3.9 Conjurations
 - Level 7.9 Hexes
 - Level 8.0 Summonings
 * Level 3.8 Air Magic
 * Level 3.8 Poison Magic


You had 12 spell levels left.
You knew the following spells:

 Your Spells              Type           Power      Damage    Failure   Level
a - Mephitic Cloud        Conj/Pois/Air  11%        N/A       12%         3
c - Call Canine Familiar  Summ           20%        N/A       2%          3
d - Summon Guardian Gole  Hex/Summ       20%        N/A       2%          3

Your spell library contained the following spells:

 Spells                   Type           Power      Damage    Failure   Level
 Summon Small Mammal      Summ           80%        N/A       1%          1
 Call Imp                 Summ           40%        N/A       1%          2
 Magic Dart               Conj           44%        1d5       4%          1
 Cause Fear               Hex            10%        N/A       8%          4
 Cigotuvi's Dreadful Rot  Necr/Pois/Air  16%        N/A       11%         2
 Momentum Strike          Conj/Tloc      14%        3d8       14%         2
 Apportation              Tloc           6%         N/A       21%         1
 Necrotise                Necr           12%        1d4       21%         1
 Blink                    Tloc           6%         N/A       30%         2
 Lesser Beckoning         Tloc           6%         N/A       30%         2
 Ignite Poison            Fire/Tmut/Pois 6%         N/A       34%         3
 Gell's Gravitas          Tloc           3%         N/A       52%         3
 Teleport Other           Tloc           3%         N/A       52%         3
 Freezing Cloud           Conj/Ice/Air   4%         6-21      88%         5
 Fireball                 Conj/Fire      3%         3d4       94%         5
 Dispersal                Tloc           1%         N/A       100%        6
 Dragon's Call            Summ           10%        N/A       100%        9


Dungeon Overview and Level Annotations

Branches:
Dungeon (10/15)            Temple (1/1) D:4            Lair (2/5) D:9
    Orc (0/2) D:9           Sewer (visited)
  Swamp: Lair:2-3    Shoals: Lair:2-3     Snake: Lair:2-3    Spider: Lair:2-3

Altars:
Ashenzari
Cheibriados
Dithmenos
Elyvilon
Fedhas
Gozag
Hepliaklqana
Kikubaaqudgha
Makhleb
Nemelex Xobeh
Okawaru
Qazlal
Ru
Sif Muna
Trog
Uskayaw
Vehumet
Xom
Yredelemnul
Zin
The Shining One

Shops:
D:8 ((

Annotations:
D:8 exclusion: 2 downstairs
D:10 Psyche
Lair:1 exclusion: upstairs, Amaemon


Innate Abilities, Weirdness & Mutations

You have sharp claws.
You have razor-sharp teeth.
You have supernaturally acute eyesight. (SInv)
You cover ground quickly. (Speed+)
You are covered in thick fur. (AC +2)
Your paws help you pounce on unaware monsters.
You are incapable of wielding weapons or throwing items.
You cannot wear armour.
You gain extra lives every three experience levels.
You are somewhat resistant to further mutation.
Your muscles are strong. (Str +4, Int/Dex -1)


Message History

A guardian golem appears, shielding your allies.
You feel sick.
Your guardian golem disappears in a puff of smoke!
A cane toad comes into view.
You feel sick. The cane toad barely misses you.
You feel sick.
You feel sick.
You are no longer poisoned.
The cane toad completely misses you.
The cane toad stings your guardian golem!
The cane toad closely misses you.
The cane toad stings your guardian golem but does no damage.
The cane toad misses you.
There is a stone staircase leading down here.
The cane toad stings your guardian golem but does no damage.
The cane toad barely misses you.
The cane toad stings your guardian golem!!
The cane toad completely misses you.
The cane toad stings your guardian golem.
Your guardian golem overheats!
The cane toad stings you!
You are poisoned.
The cane toad poisons you!
The cane toad stings your guardian golem!
Flame seeps out of your guardian golem. The cane toad barely misses you.
Your guardian golem is engulfed in blazing flames.
Flame seeps out of your guardian golem.
You feel very sick.
The cane toad stings your guardian golem.
Your guardian golem disappears in a puff of smoke!
Your guardian golem explodes!
The fiery explosion engulfs the cane toad!!
The cane toad stings you!
* * * LOW HITPOINT WARNING * * *
You hear a loud, deep croak!
You hear a bellow!
You feel very sick.
The cane toad is engulfed in blazing flames.
The cane toad stings you!!
You die...
Fedhas appreciates your contribution to the ecosystem.

#....#.# #.
##....#.##...
#P...........
#...........
#..........# ##
###.§§§#.....#
P#.##P..§F§##.....
.........§§.######
........F@.#.####P.
...................
.>.................
...................
...........#.#..P##
..........####..##
...........# .#
.....#....... .
#....##...###. .#


You could see 2 cane toads.

Vanquished Creatures
  A manticore (D:9)
  Joseph (D:7)
  Jeremiah (D:6)
  A cane toad (Lair:1)
  Maggie (D:10)
  A troll (D:8)
  Prince Ribbit (D:9)
  A jumping spider (shapeshifter) (D:9)
  Sigmund (D:4)
  A slime creature (D:9)
  A wraith (D:9)
  A wyvern (D:9)
  A yak (Lair:1)
  2 steam dragons (D:8)
  A basilisk (D:8)
  An acid dragon (D:8)
  3 orc warriors
  A sky beast (D:6)
  An ice beast (D:6)
  3 centaurs
  A kobold brigand (Sewer)
  4 scorpions
  5 bullfrogs
  A gnoll sergeant (D:9)
  2 wights (D:8)
  6 killer bees (D:9)
  4 hounds
  A jelly (D:4)
  3 orc priests
  5 iguanas
  9 orc wizards
  Robin (D:3)
  11 adders
  16 gnolls
  A river rat (Sewer)
  A shadow imp (D:6)
  2 white imps
  4 ufetubi
  2 dart slugs
  26 orcs
  5 bats
  14 endoplasms
  2 giant cockroaches (D:1)
  18 goblins
  7 hobgoblins
  2 jackals (D:3)
  14 kobolds
  4 quokkas
  8 ball pythons
  8 frilled lizards
  7 rats
219 creatures vanquished.

Vanquished Creatures (collateral kills)
  2 wyverns
  A shadow (D:9)
  A kobold brigand (D:8)
  5 kobolds
9 creatures vanquished.

Vanquished Creatures (others)
  Gastronok (D:9)
  Fannar (D:10)
  A hydra (D:9)
  A centaur warrior (D:9)
  A two-headed ogre (D:9)
  An orange demon (Lair:1)
  2 kobold demonologists (D:9)
  A troll (D:9)
  A polar bear (Lair:1)
  A basilisk (Lair:1)
  A wraith (D:9)
  9 yaks (Lair:1)
  2 water moccasins
  2 orc warriors
  6 wolves (Lair:1)
  A centaur (D:10)
  4 kobold brigands (D:9)
  A scorpion (D:6)
  3 gnoll sergeants
  3 wights
  8 killer bees (D:9)
  A gnoll bouda (D:7)
  2 orc wizards
  5 gnolls
  An orc (D:6)
  4 kobolds
64 creatures vanquished.

Grand Total: 292 creatures vanquished

Notes
Turn   | Place    | Note
-------+----------+-------------------------------------------
     0 | D:1      | croobank the Felid Fighter began the quest for the Orb.
     0 | D:1      | Reached XP level 1. HP: 10/10 MP: 2/2
   246 | D:1      | Reached XP level 2. HP: 14/14 MP: 3/3
   792 | D:1      | Found a faded altar of an unknown god.
   943 | D:2      | Reached XP level 3. HP: 17/17 MP: 4/4
  1006 | D:2      | Identified the amulet of the Moon {Spirit rF+ rN+ rCorr
                  | Slay+3}
  1788 | D:3      | Reached XP level 4. HP: 22/22 MP: 5/5
  1899 | D:3      | Found a hide-covered altar of Uskayaw.
  1911 | D:3      | Reached skill level 5 in Dodging
  1938 | D:3      | Found a sparkling altar of Nemelex Xobeh.
  1989 | D:3      | Noticed Robin
  2088 | D:4      | Reached XP level 5. HP: 25/25 MP: 6/6
  2093 | D:4      | Reached skill level 5 in Unarmed Combat
  2295 | D:4      | Found a glowing drain.
  2308 | Sewer    | Entered a sewer
  2637 | Sewer    | Reached skill level 6 in Dodging
  2711 | Sewer    | Gained mutation: You are covered in thick fur. (AC +2)
                  | [Felid growth]
  2711 | Sewer    | Reached XP level 6. HP: 11/30 MP: 4/7
  2839 | Sewer    | Gained mutation: Your muscles are strong. (Str +4, Int/Dex
                  | -1) [potion of mutation]
  2839 | Sewer    | Gained mutation: You are somewhat resistant to further
                  | mutation. [potion of mutation]
  2931 | D:4      | Noticed Sigmund
  2932 | D:4      | Upgraded the game from 0.31-a0-978-g1e143483b6 to
                  | 0.31-a0-981-geadf994542
  2937 | D:4      | Killed Sigmund
  2938 | D:4      | Reached skill level 5 in Fighting
  3017 | D:4      | Reached XP level 7. HP: 18/33 MP: 6/8
  3108 | D:4      | Learned a level 3 spell: Call Canine Familiar
  3112 | D:4      | Learned a level 3 spell: Summon Guardian Golem
  3309 | D:4      | Found a staircase to the Ecumenical Temple.
  3602 | D:3      | Killed Robin
  3729 | D:3      | Reached skill level 7 in Dodging
  3776 | D:3      | Found a shadowy altar of Dithmenos.
  4265 | D:5      | Entered Level 5 of the Dungeon
  4920 | Temple   | Entered the Ecumenical Temple
  4937 | Temple   | Became a worshipper of Fedhas Madash
  5206 | D:5      | Reached skill level 1 in Summonings
  5473 | D:5      | Reached skill level 1 in Hexes
  5725 | D:6      | Noticed Jeremiah
  5739 | D:6      | Killed from afar by Jeremiah
  5816 | D:6      | Killed Jeremiah
  5817 | D:6      | Reached skill level 1 in Spellcasting
  5817 | D:6      | Reached XP level 8. HP: 38/38 MP: 9/11
  6151 | D:6      | Reached * piety under Fedhas
  6336 | D:6      | Reached skill level 8 in Dodging
  7469 | D:7      | Reached XP level 9. HP: 35/42 MP: 11/14
  7687 | D:7      | Found an iron altar of Okawaru.
  7687 | D:7      | Noticed Joseph
  7703 | D:7      | Killed Joseph
  7704 | D:7      | Reached skill level 5 in Hexes
  7704 | D:7      | Reached skill level 5 in Summonings
  8328 | D:8      | Found Rous's Antique Weapon Emporium.
  8496 | D:8      | Found Zaiwule's Distillery.
  8720 | D:8      | Reached ** piety under Fedhas
  8721 | D:8      | Reached skill level 9 in Dodging
  8786 | D:8      | Found a sacrificial altar of Ru.
  8786 | D:8      | Found a snail-covered altar of Cheibriados.
  8795 | D:8      | Found a shimmering altar of Xom.
  8799 | D:8      | Found a burning altar of Makhleb.
  8801 | D:8      | Found a faded altar of an unknown god.
  9032 | D:8      | Found Xabrill's Weapon Shop.
  9533 | D:8      | Reached XP level 10. HP: 19/47 MP: 2/16
 10035 | D:9      | Noticed a death yak
 10040 | D:9      | Noticed a death yak
 10043 | D:9      | Noticed a death yak
 10046 | D:9      | Noticed a death yak
 10047 | D:9      | Noticed a death yak
 10047 | D:9      | Noticed a death yak
 10290 | D:9      | Noticed a centaur warrior
 10290 | D:9      | Noticed a death yak
 10290 | D:9      | Noticed a death yak
 10368 | D:9      | Noticed Prince Ribbit
 10368 | D:9      | Noticed Gastronok
 10431 | D:9      | Killed Gastronok
 10597 | D:9      | Reached *** piety under Fedhas
 10878 | D:9      | Reached skill level 10 in Dodging
 10998 | D:9      | Killed Prince Ribbit
 11020 | D:9      | Noticed a manticore
 11029 | D:9      | Killed from afar by a manticore
 11182 | D:10     | Entered Level 10 of the Dungeon
 11210 | D:10     | Learned a level 3 spell: Mephitic Cloud
 11252 | D:10     | Noticed Fannar
 11260 | D:10     | Killed Fannar
 11261 | D:10     | Reached skill level 5 in Spellcasting
 11261 | D:10     | Reached XP level 11. HP: 39/51 MP: 6/19
 11309 | D:10     | Noticed Maggie
 11328 | D:10     | Killed Maggie
 11329 | D:10     | Reached skill level 1 in Conjurations
 11329 | D:10     | Reached skill level 1 in Air Magic
 11329 | D:10     | Reached skill level 1 in Poison Magic
 11578 | D:10     | Killed from afar by an orc priest
 11581 | D:10     | Noticed Psyche
 11617 | D:9      | Found a staircase to the Orcish Mines.
 11920 | D:9      | Noticed a five-headed hydra
 11931 | D:9      | Killed a five-headed hydra
 12129 | D:9      | Reached **** piety under Fedhas
 12454 | D:9      | Noticed a centaur warrior
 12464 | D:9      | Shot with an arrow by a centaur warrior
 12465 | D:9      | Killed a centaur warrior
 12471 | D:9      | Noticed a two-headed ogre
 12489 | D:9      | Killed a two-headed ogre
 12583 | D:9      | Found a staircase to the Lair.
 12603 | Lair:1   | Entered Level 1 of the Lair of Beasts
 12925 | Lair:1   | Reached skill level 11 in Dodging
 12928 | Lair:1   | Noticed Amaemon
 13205 | Lair:2   | Slain by a cane toad

Illustrated notes

Levels and vault maps discovered:
D:1:      co_arrival_square_in_a_square_in_a_square, layout_loops_ring,
          shapermc_ecumenical_altar_gd, minmay_bisected
D:2:      layout_loops_ring, minmay_tiny_reverse_x
D:3:      layout_rooms, nicolae_uskayaw_dance_hall,
          nemelex_xobeh_ov_fountains_minmay, lemuel_tele_altar,
          serial_corexii_hall, chequers_hall_statues_wall_a,
          corexii_hall_statues_t, minmay_close_crescents, uniq_robin
D:4:      layout_basic, minmay_temple_entry_from_below_a, portal_sewer_entry_d,
          uniq_sigmund
D:5:      layout_layer_cave
D:6:      layout_basic, serial_bayou_crossing, uniq_jeremiah
D:7:      layout_loops_corners, okawaru_metal_pillars_1_2, uniq_joseph
D:8:      layout_loops_ring, chequers_temple_overflow_minitemple, serial_shops,
          shop, shop, shop_fountains, grunt_potential
D:9:      minmay_the_grid_4x2 [minmay_the_grid_embedded,
          minmay_the_grid_large_cup, minmay_the_grid_x, minmay_the_grid_paths,
          minmay_the_grid_small_cups, minmay_the_grid_garden,
          minmay_the_grid_box_x, minmay_the_grid_prize_inner_circle],
          layout_cave_pods, mainiacjoe_overflow_alcove_1, dpeg_lair_monsters,
          serial_column_ruins, column_ruins_square_small,
          column_ruins_corridor_water, column_ruins_grid_3,
          column_ruins_open_medium, column_ruins_open_tiny,
          column_ruins_columns_T, uniq_prince_ribbit1, uniq_gastronok
D:10:     layout_basic, minmay_misc_feat_roman, uniq_fannar, uniq_psyche,
          uniq_maggie
Temple:   nicolae_temple_figure_eight
Lair:1:   layout_layer_cave, serial_bayou_shore_a, uniq_amaemon
Lair:2:   layout_regular_city, minmay_swamp_entry_worms,
          chequers_serial_rivers_large_b, nicolae_quartered_pool_super

Skill      XL: |  1  2  3  4  5  6  7  8  9 10 11 |
---------------+----------------------------------+-----
Dodging        | 5 6 7 8 9 10 11 | 11.0
Fighting       | 4 5 6 7 8 |  8.6
Unarmed Combat | 5 6 7 8 |  8.8
Summonings     | 2 4 6 8 |  8.0
Hexes          | 2 4 6 7 |  7.9
Spellcasting   | 1 2 3 5 |  5.7
Conjurations   | 3 |  3.9
Air Magic      | 3 |  3.8
Poison Magic   | 3 |  3.8

Action                     |  1- 3 |  4- 6 |  7- 9 | 10-12 || total
---------------------------+-------+-------+-------+-------++-------
  Melee: Unarmed           |   110 |    94 |   247 |   127 ||   578
         Bite              |    12 |     8 |    26 |    13 ||    59
         Punch             |     3 |       |    14 |     9 ||    26
   Cast: Call Canine Famil |       |       |    15 |    32 ||    47
         Summon Guardian G |       |       |    18 |    55 ||    73
  Evoke: Wand              |       |     3 |    18 |    14 ||    35
    Use: Scroll            |       |     3 |    11 |     9 ||    23
         Potion            |       |     4 |     1 |     9 ||    14
   Stab: Sleeping          |     4 |       |     1 |       ||     5
         Distracted        |       |       |       |     3 ||     3
         Paralysed         |       |       |       |     2 ||     2
 Armour: Skin              |    19 |    30 |    73 |    70 ||   192
  Dodge: Dodged            |    53 |    54 |   216 |   193 ||   516
  Block: Other             |     9 |       |       |       ||     9
         Reflection        |     1 |       |       |       ||     1

Table legend: (Time is in decaauts)
 A = Elapsed time spent in this place.
 B = Non-inter-level travel time spent in this place.
 C = Inter-level travel time spent in this place.
 D = Time resting spent in this place.
 E = Time spent auto-exploring this place.
 F = Levels seen in this place.
 G = Mean time per level.
                   A        B        C        D        E       F      G
               +--------+--------+--------+--------+--------+-----+--------+
         Total |  11777 |  11448 |    329 |   3367 |   5264 |  14 |  841.2 |
       Dungeon |  10624 |  10320 |    304 |   2906 |   4998 |  10 | 1062.4 |
        Temple |     27 |      2 |     25 |      0 |      0 |   1 |   27.0 |
          Lair |    564 |    564 |      0 |    262 |     86 |   2 |  282.0 |
         Sewer |    561 |    561 |      0 |    199 |    178 |   1 |  561.0 |
               +--------+--------+--------+--------+--------+-----+--------+

Top non-repeatable levels by time:
     D:8: 1882 daAuts
     D:9: 1758 daAuts
     D:5: 1127 daAuts
     D:4: 1125 daAuts
     D:7: 1122 daAuts
     D:6: 1077 daAuts
     D:1: 750 daAuts
     D:3: 716 daAuts
     D:2: 647 daAuts
   Sewer: 561 daAuts
    D:10: 416 daAuts
  Lair:1: 348 daAuts
  Lair:2: 215 daAuts
  Temple: 27 daAuts
